 Dungeon Crawl Stone Soup version 0.27-a0-1301-g128193abf8 (webtiles) character file.

Game seed: 4226343127189343177

107 Shayle the Skirmisher (level 4, -3/48 HPs)
             Began as an Ogre Warper on June 17, 2021.
             Slain by an orc priest (6 damage)
             ... on level 4 of the Dungeon.
             The game lasted 00:05:26 (3303 turns).

Shayle the Skirmisher (Ogre Warper)                 Turns: 3303, Time: 00:05:27

Health: -3/48      AC:  3    Str: 15    XL:     4   Next: 85%
Magic:  7/7        EV: 10    Int: 15    God:
Gold:   74         SH:  0    Dex:  8    Spells: 7/7 levels left

rFire    . . .     SeeInvis .   a - +0 spear
rCold    . . .     Faith    .   (no shield)
rNeg     . . .     Spirit   .   b - +0 robe
rPois    .         Reflect  .   (helmet restricted)
rElec    .         Harm     .   (no cloak)
rCorr    .         Rampage  .   (gloves unavailable)
Will     .....                  (boots unavailable)
Stlth    +.........             (no amulet)
HPRegen  0.16/turn              j - ring of wizardry
MPRegen  0.10/turn              (no ring)

@: no status effects
A: large, unfitting armour, tough skin 1
a: no special abilities


You were on level 4 of the Dungeon.
You visited 1 branch of the dungeon, and saw 4 of its levels.

You collected 118 gold pieces.
You spent 44 gold pieces at shops.

Inventory:

Hand Weapons
 a - a +0 spear (weapon)
Missiles
 l - 6 javelins (quivered)
Armour
 b - a +0 robe (worn)
Jewellery
 j - a ring of wizardry (left hand)
Scrolls
 c - a scroll of blinking
 e - a scroll of enchant weapon
 g - a scroll of amnesia
 h - a scroll of noise
 i - a scroll of immolation
 k - a scroll of vulnerability
Potions
 f - 2 potions of invisibility
 m - a potion of resistance {unknown}


   Skills:
 + Level 3.9 Fighting
 + Level 2.9 Polearms
 - Level 1.0 Throwing
 * Level 3.5 Dodging
 - Level 2.4 Spellcasting
 - Level 2.6 Translocations


You had 7 spell levels left.
You didn't know any spells.
Your spell library contained the following spells:

 Spells                   Type           Power      Damage    Failure   Level
 Blink                    Tloc           N/A        N/A       4%          2
 Beastly Appendage        Tmut           2%         N/A       9%          1
 Gell's Gravitas          Tloc           4%         N/A       9%          3
 Lesser Beckoning         Tloc           4%         N/A       9%          3
 Teleport Other           Tloc           9%         N/A       9%          3
 Wereblood                Tmut           1%         N/A       13%         2
 Spider Form              Tmut/Pois      0%         N/A       26%         3
 Manifold Assault         Tloc           9%         N/A       58%         5
 Ice Form                 Ice/Tmut       1%         N/A       61%         4


Dungeon Overview and Level Annotations

Branches:
Dungeon (4/15)
 Temple: D:4-7

Altars:
Fedhas

Shops:
D:2 ?

Annotations:
D:2 1 runed translucent door, Crazy Yiuf


Innate Abilities, Weirdness & Mutations

You are too large for most types of armour.
You have tough skin. (AC +1)


Message History

Found a hunting sling.
You hit the orc priest but do no damage.
An orc warrior comes into view. It is wielding a +0 scimitar.
The orc priest hits you with a +0 war axe!
You hit the orc but do no damage. You hit the orc.
The orc is heavily wounded.
The orc barely misses you.
You hit the orc priest.
The orc priest is lightly wounded.
The orc priest hits you with a +0 war axe.
The orc hits you with a +0 flail.
You barely miss the orc priest.
The orc priest is lightly wounded.
The orc hits you but does no damage. The orc priest barely misses you.
You barely miss the orc priest.
The orc priest is lightly wounded.
The orc barely misses you.
The orc priest hits you with a +0 war axe!
You closely miss the orc priest.
The orc priest is lightly wounded.
You hit the orc priest.
The orc priest is moderately wounded.
The orc priest calls upon Beogh to heal the orc.
The orc's wounds heal themselves!
The orc barely misses you.
You hit the orc priest but do no damage.
The orc priest is moderately wounded.
The orc hits you with a +0 flail.
The orc priest hits you with a +0 war axe.
Throw: 7 javelins
Press: ? - help, Q - select action Shift-Dir - straight line, f - orc
Aim: an orc, wielding a +0 flail and wearing a +0 ring mail (58% to hit)
You throw a javelin. The javelin closely misses the orc.
The orc closely misses you.
The orc priest hits you with a +0 war axe.
* * * LOW HITPOINT WARNING * * *
The orc hits you with a +0 flail!
* * * LOW HITPOINT WARNING * * *
The orc priest hits you with a +0 war axe.
You die...

................
...#.###.#######
.........#
...#####.######..
.................
....#...........
#.#####..######...
.......oo#)...# .
.#####@#.o...#..
#.#........
#.#..#....#
#.#.......#
#.#...o...#
#.##.#.#..# #.#
.... .# #.# ##.#.
. #.


You could see an orc priest and an orc.

Vanquished Creatures
  Jessica (D:3)
  An iguana (D:3)
  An adder (D:2)
  2 worms
  2 dart slugs (D:1)
  5 ball pythons
  5 endoplasms
  2 giant cockroaches
  A goblin (D:1)
  3 hobgoblins
  3 jackals (D:1)
  2 quokkas
  4 bats
  A kobold (D:3)
  3 rats (D:3)
36 creatures vanquished.

Vanquished Creatures (others)
  3 plants (D:4)
3 creatures vanquished.

Grand Total: 39 creatures vanquished

Notes
Turn   | Place    | Note
-------+----------+-------------------------------------------
     0 | D:1      | Shayle the Ogre Warper began the quest for the Orb.
     0 | D:1      | Reached XP level 1. HP: 22/22 MP: 3/3
   367 | D:1      | Reached XP level 2. HP: 31/31 MP: 5/5
  1021 | D:2      | Reached XP level 3. HP: 15/37 MP: 6/6
  1627 | D:2      | Found Unlas's Magic Scroll Emporium.
  1634 | D:2      | Bought a scroll of identify for 22 gold pieces
  1634 | D:2      | Bought a scroll of identify for 22 gold pieces
  1796 | D:2      | Found a faded altar of an unknown god.
  2033 | D:2      | Found a runed translucent door.
  2034 | D:2      | Noticed Crazy Yiuf
  2490 | D:3      | Found a blossoming altar of Fedhas.
  2533 | D:3      | Reached XP level 4. HP: 10/48 MP: 7/7
  2768 | D:3      | Noticed Jessica
  2781 | D:3      | Killed Jessica
  3291 | D:4      | Noticed an orc warrior
  3303 | D:4      | Slain by an orc priest

Illustrated notes

Levels and vault maps discovered:
D:1:      erik_arrival_orb_chamber, layout_rooms, serial_aquarium,
          aquarium_bridge_straight [aquarium_subvault_bridge,
          aquarium_subvault_window, aquarium_subvault_bridge,
          aquarium_subvault_wall], aquarium_bridge_island_small
          [aquarium_subvault_small_open, aquarium_subvault_wall,
          aquarium_subvault_bridge, aquarium_subvault_window,
          aquarium_subvault_wall], aquarium_window_fake, aquarium_window_2,
          aquarium_window_2, aquarium_window_corridor_2, aquarium_view_2d,
          minmay_tiny_reverse_x
D:2:      layout_loops_corners, basic_ecumenical_altar, serial_shops, shop,
          uniq_crazy_yiuf_cottage
D:3:      layout_loops_ring, marbit_many_paths, uniq_jessica
D:4:      layout_basic, nicolae_uskayaw_en_pointe, serial_bayou_lagoon_a,
          kennysheep_generic_room_3, uniq_robin

Skill      XL: |  1  2  3 |
---------------+----------+-----
Fighting       | 3 |  3.9
Dodging        | 3 |  3.5
Polearms       | |  2.9
Throwing       | |  1.0
Spellcasting   | |  2.4
Translocations | |  2.6

Action                   |  1- 3 |  4- 6 || total
-------------------------+-------+-------++-------
Melee: Spear             |   121 |    28 ||   149
Throw: Boomerang         |     2 |     3 ||     5
       Javelin           |       |     2 ||     2
  Use: Scroll            |     6 |       ||     6
       Potion            |     1 |       ||     1
 Stab: Sleeping          |     1 |       ||     1
Armor: Robe              |    43 |     1 ||    44
Dodge: Dodged            |    62 |    13 ||    75

Table legend: (Time is in decaauts)
 A = Elapsed time spent in this place.
 B = Non-inter-level travel time spent in this place.
 C = Inter-level travel time spent in this place.
 D = Time resting spent in this place.
 E = Time spent auto-exploring this place.
 F = Levels seen in this place.
 G = Mean time per level.
                   A        B        C        D        E       F      G
               +--------+--------+--------+--------+--------+-----+--------+
         Total |   3300 |   3180 |    120 |    613 |   2116 |   4 |  825.0 |
       Dungeon |   3300 |   3180 |    120 |    613 |   2116 |   4 |  825.0 |
               +--------+--------+--------+--------+--------+-----+--------+

Top non-repeatable levels by time:
     D:2: 1189 daAuts
     D:3: 1062 daAuts
     D:1: 1011 daAuts
     D:4: 37 daAuts
